AoeStats
← Gjallarhorn

Nomad

503145083Analyzed
1v1 RM · 1mo ago on Aug 30, 2026· 52m 27s· 2 players
Game mode
Random Map
Map size
126×126
Population
200
Speed
Normal
Resources
Standard
Victory
Conquest
Starting age
Dark Age
Ending age
Imperial Age
RankedLock teamsTeams togetherTeam positionsShared explorationLock speedFull tech treeHidden civsTurbo modeCheats
Victory
Defeat
🇫🇷 Celts · France
715
+16
🇩🇪 Vikings · Germany
713
-16
Gjallarhorn
8:53 Loom
13:58 Feudal Age
16:31 Double-Bit Axe
17:15 Town Watch
23:15 Castle Age
20:58 Horse Collar
22:12 Fletching
23:41 Padded Archer Armor
26:06 Stone Mining
26:09 Gold Mining
27:11 Bodkin Arrow
27:52 Bow Saw
29:55 Gold Shaft Mining
34:48 Town Patrol
35:28 Crossbowman
38:26 Scale Mail Armor
41:39 Imperial Age
39:55 Chain Mail Armor
39:50 Forging
42:15 Iron Casting
44:09 Bracer
45:10 Blast Furnace
46:45 Conscription
user_lambda
4:58 Loom
13:01 Feudal Age
13:27 Horse Collar
13:41 Double-Bit Axe
20:15 Forging
22:13 Wheelbarrow
22:49 Padded Archer Armor
22:40 Fletching
25:16 Castle Age
25:14 Scale Barding Armor
25:49 Gold Mining
26:54 Husbandry
27:57 Bodkin Arrow
28:15 Town Watch
29:33 Crossbowman
33:14 Iron Casting
42:45 Scale Mail Armor
50:57 Imperial Age
49:09 Padded Archer Armor
51:47 Stone Mining
Connection lost

Rejoining the realm…

Still unreachable

The connection could not be restored.

Session expired

The server has moved on; the page needs a fresh start.